Match 34561429
Unlisted

Match 34561429
End
Construct Section Command Post
Dingo Light Scout Car
Dingo Light Scout Car
Infantry Section
Infantry Section
Infantry Section
Construct Platoon Command Post
6-pounder Anti-tank Gun Team
Infantry Training
Construct Company Command Post
Selects Air and Sea Battlegroup
Selects Supply Surplus
Construct Resource Cache
Construct Field Infirmary
Grenade Package
Foot Guards Section
Matilda II Heavy Tank
Selects Centaur Medium Tank
Construct Field Infirmary
Unlock M3 Grant Medium Tanks
Foot Guards Section
Foot Guards Section
Selects Naval Bombardment
Foot Guards Section
Construct Field Infirmary
Selects Assault Flares
Assault Flares
Forward Retreat Point
Armored Vehicle Training
Selects Commando Section Paradrop
Selects M1 Pack Howitzer Paradrop
Selects Commando Section Paradrop
Selects Commando Support Section Paradrop
Unlock Towed 17-pounder Anti-tank Guns
Assault Flares
Selects Anti-tank Rocket Loiter
Anti-tank Rocket Loiter
Construct Resource Cache
Construct Resource Cache
Anti-tank Rocket Loiter
ㅁㅁㅁㅁㅁ
킴스
한국사람
12345+5
Boneless
Mou
RauschebartRonni
ililililililiilliili
0
0

Comments sign in to comment!

No comments posted yet!